 Dungeon Crawl Stone Soup version 0.28.0-53-g5a82cb258f (webtiles) character file.

Game seed: 18440395606524417380

40236 buhh the Black Belt (level 14, -18/123 HPs)
             Began as an Octopode Transmuter on June 16, 2022.
             Was the Champion of Cheibriados.
             Demolished by a fire crab (22 damage)
             ... on level 6 of the Lair of Beasts.
             The game lasted 01:11:05 (24453 turns).

buhh the Black Belt (Octopode Transmuter)          Turns: 24453, Time: 01:11:06

Health: -18/123    AC: 12    Str: 25    XL:     14   Next: 10%
Magic:  17/17      EV: 11    Int: 34    God:    Cheibriados [******]
Gold:   1726       SH:  0    Dex: 28    Spells: 5/17 levels left

rFire   x . .      SeeInvis +     - Unarmed
rCold   + + +      Faith    .   (shield currently unavailable)
rNeg    + . .      Spirit   .   (helmet currently unavailable)
rPois   +          Reflect  .   w - amulet of magic regeneration
rElec   .          Harm     .   j - ring of see invisible
rCorr   .          Rampage  .   b - ring of poison resistance
Will    +....                   y - ring of positive energy
Stlth   ++........              (no ring)
HPRegen 0.30/turn               (no ring)
MPRegen 0.55/turn               (no ring)
                                (no ring)
                                (no ring)

@: ice-form, very slow
A: freezing attack, boosted hp, almost no armour, amphibious, 8 rings, large,
(camouflage 1), (gelatinous body 1), (nimble swimmer 1), (tentacles)
a: End Transformation, Renounce Religion, Bend Time, Temporal Distortion,
Slouch, Step From Time


You were on level 6 of the Lair of Beasts.
You worshipped Cheibriados.
Cheibriados was exalted by your worship.
You were a creature of crystalline ice.
You visited 3 branches of the dungeon, and saw 15 of its levels.
You also visited: Sewer, Ossuary and Bailey.

You collected 1726 gold pieces.

Inventory:

Hand Weapons
 k - the +8 long sword of Yhej (melded) {drain, Int+3}
   (You found it on level 6 of the Dungeon)

   A truly terrible weapon, it drains the life of any living foe it strikes.
   Int:       It affects your intelligence (+3).
Missiles
 i - 21 poisoned darts
 n - a curare-tipped dart
Magical Staves
 h - a staff of air
 q - a staff of conjuration
Jewellery
 b - a ring of poison resistance (right front paw)
 j - a ring of see invisible (left front paw)
 w - an amulet of magic regeneration (around neck)
 y - a ring of positive energy (on tentacle)
 A - a ring of ice
Wands
 f - a wand of flame (15)
 F - a wand of iceblast (1)
Scrolls
 m - 2 scrolls of enchant weapon
 o - a scroll of holy word {unknown}
 x - 2 scrolls of immolation {unknown}
 P - a scroll of magic mapping {!r!d}
 Q - 2 scrolls of fog
 Z - a scroll of enchant armour
Potions
 a - 2 potions of attraction
 e - a potion of invisibility {unknown}
 g - a potion of brilliance {unknown}
 l - 4 potions of lignification {!d}
 p - 2 potions of cancellation {unknown}
 r - 2 potions of flight {unknown}
 s - 3 potions of might {unknown}
 u - 2 potions of degeneration {unknown}
 v - a potion of berserk rage {unknown}
 B - 4 potions of ambrosia {!q!d}
 J - 4 potions of magic {!q!d}
 O - 4 potions of haste {!q!d}


   Skills:
 - Level 12.3 Fighting
 - Level 2.0 Dodging
 - Level 1.0 Stealth
 - Level 15.0 Unarmed Combat
 - Level 2.0 Spellcasting
 * Level 12.4 Transmutations
 - Level 8.0 Ice Magic
 - Level 2.6 Evocations


You had 5 spell levels left.
You knew the following spells:

 Your Spells              Type           Power      Damage    Failure   Level
a - Beastly Appendage     Tmut           100%       N/A       1%          1
b - Wereblood             Tmut           73%        N/A       1%          2
c - Blade Hands           Tmut           36%        N/A       1%          5
d - Ice Form              Ice/Tmut       64%        N/A       1%          4

Your spell library contained the following spells:

 Spells                   Type           Power      Damage    Failure   Level
 Ensorcelled Hibernation  Hex/Ice        60%        N/A       1%          2
 Passwall                 Tmut/Erth      37%        N/A       1%          2
 Spider Form              Tmut/Pois      45%        N/A       1%          3
 Ignite Poison            Fire/Tmut/Pois 31%        N/A       3%          3
 Magic Dart               Conj           12%        1d3       6%          1
 Swiftness                Air            3%         N/A       19%         3
 Summon Lightning Spire   Summ/Air       3%         N/A       52%         4
 Storm Form               Tmut/Air       22%        N/A       99%         7
 Iron Shot                Conj/Erth      1%         9d1       100%        6
 Summon Cactus Giant      Summ           1%         N/A       100%        6
 Maxwell's Capacitive Co  Air            1%         ∞         100%        8
 Necromutation            Tmut/Necr      22%        N/A       100%        8
 Fire Storm               Conj/Fire      1%         8d1       100%        9
 Animate Armour           Summ/Erth      Unusable   N/A       N/A         4

Dungeon Overview and Level Annotations

Branches:
Dungeon (9/15)             Temple (1/1) D:4            Lair (4/6) D:8
 Shoals (0/4) Lair:4       Spider (0/4) Lair:2        Slime (0/5) Lair:6
    Orc (0/2) D:9           Sewer (visited)         Ossuary (visited)
 Bailey (visited)

Altars:
Ashenzari
Cheibriados
Dithmenos
Elyvilon
Fedhas
Hepliaklqana
Kikubaaqudgha
Makhleb
Nemelex Xobeh
Okawaru
Sif Muna
Trog
Uskayaw
Vehumet
Wu Jian
Xom
Yredelemnul
Zin
The Shining One
Jiyva

Shops:
D:7 [[

Annotations:
D:9 2 runed translucent doors, reversiblehash's ghost, journeyman GnFi
Lair:4 2 transporters, WaxSun's ghost, journeyman DjCj


Innate Abilities, Weirdness & Mutations

You are a creature of crystalline ice.
You have a powerful freezing melee attack.
Your maximum health is increased.
Your armour is entirely melded.
You are incapable of wielding weapons or throwing items.
You cannot wear most types of armour.
You are amphibious.
You can wear up to eight rings at the same time.
((Your skin changes colour to match your surroundings (Stealth+).))
((Your rubbery body absorbs attacks. (AC +1, EV +1)))
((You are camouflaged when in or above water. (Stealth+)))
((You have tentacles for arms and can constrict up to eight enemies at once.))


Message History

The mass of ice explodes!
The iceblast engulfs the fire crab!
The fire crab is moderately wounded.
The iceblast engulfs the wolf!
You kill the wolf!
Cheibriados thoroughly appreciates the change of pace.
You are engulfed in blazing flames.
You hear a bleat! x2
The fungus is engulfed in blazing flames.
A wolf comes into view.
A dream sheep comes into view.
Okay, then.
Aiming: Iceblast
Press: ? - help, Shift-Dir - straight line, f/p - fire crab
Aim: a fire crab (flame, moderately wounded)
The mass of ice explodes!
The iceblast engulfs the fire crab!
The fire crab is heavily wounded.
You are engulfed in blazing flames.
* * * LOW HITPOINT WARNING * * *
You hear a bleat! x3; You hear a bellow!
The fungus is engulfed in blazing flames.
You barely miss the fire crab.
The fire crab is heavily wounded.
The fire crab breathes flames at you.
The blast of flame engulfs you but does no damage.
Okay, then.
Okay, then.
You fail to use your ability.
You are engulfed in blazing flames.
* * * LOW HITPOINT WARNING * * *
The fungus is engulfed in blazing flames.
A nearby fungus withers and dies.
The dream sheep ruffles its wool and motes of dream dust sparkle, to no effect.
The fire crab bites you.
* * * LOW HITPOINT WARNING * * *
You are engulfed in flames!
The fire burns you terribly!
* * * LOW HITPOINT WARNING * * *
The fire crab claws you.
* * * LOW HITPOINT WARNING * * *
You are engulfed in flames!!
The fire burns you terribly!
You die...

... .Y. .h.
#h# #.# ##
##h### . .
##○t○$# . .#
#.○Y○P#.#...
#○○○○.#...#
#.#......##..
#...........
##...#####.##
##..P## ...
##.<..##.#
#.......#
##.##..## .


You could see a fire crab, 3 wolves and a dream sheep.

Vanquished Creatures
  Kirke (Lair:4)
  4 hydras
  A two-headed ogre (D:8)
  5 death yaks
  An orc knight (Bailey)
  2 black mambas
  5 elephants (Lair:3)
  17 cane toads
  3 rime drakes
  5 komodo dragons
  A troll (D:8)
  Grinder (D:3)
  A queen bee (Lair:3)
  5 tyrant leeches (Lair:6)
  29 blink frogs
  A snapping turtle (Lair:4)
  6 dream sheep
  A shadow (D:9)
  35 yaks
  Eustachio (D:6)
  2 wyverns
  2 hogs (Lair:4)
  5 vampire mosquitoes (Lair:6)
  Menkaure (D:6)
  10 water moccasins
  Duvessa (D:5)
  10 orc warriors
  2 sky beasts
  A black bear (D:7)
  3 necrophages
  2 ice beasts
  A hornet zombie (D:8)
  8 wolves
  An ogre (D:4)
  A phantom (D:4)
  2 centaurs (D:7)
  An elf zombie (Ossuary)
  A kobold brigand (Sewer)
  2 wyvern zombies (D:8)
  21 bullfrogs
  3 scorpions
  A water moccasin zombie (D:6)
  Dowan (D:5)
  22 killer bees
  8 wights
  7 electric eels
  4 centaur zombies
  2 jellies
  4 human zombies (Ossuary)
  A gnoll shaman (D:8)
  9 hounds
  3 bullfrog skeletons
  A centaur skeleton (D:7)
  An iguana (D:6)
  Terence (D:3)
  4 orc wizards
  A hound skeleton (D:5)
  4 mummies
  A howler monkey zombie (D:9)
  A howler monkey skeleton (D:4)
  9 adders
  A river rat (Sewer)
  An ufetubus (D:5)
  4 adder zombies (Ossuary)
  8 worms
  3 dart slugs
  18 orcs
  6 bats
  6 endoplasms
  2 giant cockroaches
  11 goblins
  7 hobgoblins
  4 jackals (D:1)
  4 quokkas
  10 ball pythons
  2 frilled lizards (D:1)
  3 gnoll zombies (Ossuary)
  2 goblin zombies (Ossuary)
  2 hobgoblin zombies (Ossuary)
  5 jackal zombies (Ossuary)
  12 kobolds
  6 kobold zombies (Ossuary)
  2 orc zombies (Ossuary)
  4 quokka zombies (Ossuary)
  4 rats
  2 rat zombies (Ossuary)
419 creatures vanquished.

Vanquished Creatures (others)
  3 humans (Lair:4)
  23 fungi
  94 plants
120 creatures vanquished.

Grand Total: 539 creatures vanquished

Notes
Turn   | Place    | Note
-------+----------+-------------------------------------------
     0 | D:1      | buhh the Octopode Transmuter began the quest for the Orb.
     0 | D:1      | Reached XP level 1. HP: 13/13 MP: 3/3
   292 | D:1      | Reached XP level 2. HP: 16/18 MP: 5/5
   818 | D:1      | Reached XP level 3. HP: 24/24 MP: 6/6
  1167 | D:1      | Found a faded altar of an unknown god.
  1651 | D:2      | Found a bloodstained altar of Trog.
  2162 | D:2      | Reached XP level 4. HP: 30/30 MP: 5/7
  2221 | D:2      | Reached skill level 4 in Unarmed Combat
  2729 | D:3      | Noticed Terence
  3498 | D:4      | Noticed a necrophage
  3579 | D:4      | Noticed a phantom
  3597 | D:4      | Noticed an orc warrior
  3604 | D:5      | Entered Level 5 of the Dungeon
  3612 | D:5      | Identified a scroll of acquirement
  3612 | D:5      | Acquired 956 gold pieces
  3709 | D:5      | Reached XP level 5. HP: 22/36 MP: 6/8
  3892 | D:5      | Reached skill level 5 in Unarmed Combat
  4155 | D:5      | Found a sand-covered staircase.
  4167 | Ossuary  | Entered an ossuary
  4250 | Ossuary  | Reached skill level 6 in Unarmed Combat
  4250 | Ossuary  | Reached XP level 6. HP: 34/42 MP: 9/9
  5076 | Ossuary  | Reached XP level 7. HP: 35/46 MP: 8/10
  5582 | D:5      | Noticed Duvessa
  5587 | D:5      | Acquired a ring of see invisible
  5712 | D:5      | Learned a level 2 spell: Wereblood
  5716 | D:5      | Learned a level 3 spell: Spider Form
  5721 | D:5      | Learned a level 4 spell: Ice Form
  6473 | D:4      | Found a staircase to the Ecumenical Temple.
  6829 | D:4      | Reached XP level 8. HP: 52/52 MP: 7/11
  7004 | Temple   | Entered the Ecumenical Temple
  7091 | Temple   | Became a worshipper of Cheibriados the Contemplative
  7431 | D:3      | Noticed Grinder
  7680 | D:6      | Found a glowing drain.
  7693 | Sewer    | Entered a sewer
  8346 | Sewer    | Reached * piety under Cheibriados
  8468 | D:6      | Noticed a six-headed hydra
  8477 | D:6      | Killed a six-headed hydra
  8478 | D:6      | Reached XP level 9. HP: 56/56 MP: 12/12
  8557 | D:6      | Noticed Menkaure
  9053 | D:6      | Identified the +8 long sword of Yhej {drain, Int+3}
  9304 | D:6      | Noticed Eustachio
  9646 | D:7      | Found Gutusiec's Armour Boutique.
  9655 | D:7      | Found a flagged portal.
  9742 | Bailey   | Entered a bailey
 11505 | Bailey   | Found a large runed translucent door.
 11505 | Bailey   | Found a large runed translucent door.
 11506 | Bailey   | Noticed a deep elf zephyrmancer
 11506 | Bailey   | Noticed an orc knight
 11530 | Bailey   | Killed an orc knight
 11531 | Bailey   | Reached XP level 10. HP: 68/68 MP: 9/13
 11803 | D:7      | Reached skill level 7 in Unarmed Combat
 12261 | D:6      | Reached ** piety under Cheibriados
 12824 | D:7      | Found Taplel's Antique Armour Boutique.
 12993 | D:8      | Reached skill level 8 in Unarmed Combat
 13583 | D:8      | Noticed a two-headed ogre
 13589 | D:8      | Killed a two-headed ogre
 13590 | D:8      | Reached skill level 9 in Unarmed Combat
 14074 | D:8      | Found a glowing silver altar of Zin.
 14074 | D:8      | Found a faded altar of an unknown god.
 14113 | D:8      | Found a shimmering blue altar of Sif Muna.
 14115 | D:8      | Found a faded altar of an unknown god.
 14117 | D:8      | Found a sparkling altar of Nemelex Xobeh.
 14721 | D:6      | Killed Menkaure
 14722 | D:6      | Reached XP level 11. HP: 77/77 MP: 10/14
 14780 | D:6      | Killed Eustachio
 14989 | D:5      | Noticed Dowan
 14998 | D:5      | Killed Duvessa
 14999 | D:5      | Killed Dowan
 15110 | D:3      | Killed Terence
 15110 | D:3      | Reached *** piety under Cheibriados
 15121 | D:3      | Killed Grinder
 15315 | D:8      | Found a staircase to the Lair.
 15925 | D:8      | Learned a level 5 spell: Blade Hands
 16018 | D:9      | Found a staircase to the Orcish Mines.
 16128 | D:9      | Noticed a two-headed ogre
 16400 | D:9      | Reached **** piety under Cheibriados
 16512 | D:9      | Found a large runed translucent door.
 16512 | D:9      | Found a large runed translucent door.
 16516 | D:9      | Noticed reversiblehash's ghost (journeyman GnFi)
 16697 | Lair:1   | Entered Level 1 of the Lair of Beasts
 16863 | Lair:1   | Reached skill level 10 in Unarmed Combat
 16976 | Lair:1   | Noticed a six-headed hydra
 17473 | Lair:1   | Killed a six-headed hydra
 17474 | Lair:1   | Reached skill level 11 in Unarmed Combat
 18012 | Lair:2   | Found a hole to the Spider Nest.
 18018 | Lair:2   | Reached ***** piety under Cheibriados
 18161 | Lair:2   | Reached XP level 12. HP: 87/87 MP: 15/15
 18163 | Lair:2   | Reached skill level 12 in Unarmed Combat
 19382 | Lair:3   | Reached skill level 13 in Unarmed Combat
 19806 | Lair:3   | Reached skill level 14 in Unarmed Combat
 20318 | Lair:3   | Noticed a four-headed hydra
 20327 | Lair:3   | Killed a four-headed hydra
 20616 | Lair:3   | Reached skill level 15 in Unarmed Combat
 20826 | Lair:3   | Identified the +8 trident "Voad" {vamp, Contam rN+ Dex+2}
 21072 | Lair:4   | Found a staircase to the Shoals.
 21261 | Lair:4   | Noticed a death yak
 21264 | Lair:4   | Noticed a death yak
 21267 | Lair:4   | Noticed a death yak
 21269 | Lair:4   | Killed a death yak
 21270 | Lair:4   | Reached XP level 13. HP: 80/94 MP: 13/16
 21272 | Lair:4   | Noticed Kirke
 21484 | Lair:4   | Reached skill level 11 in Fighting
 21997 | Lair:4   | Found a transporter.
 22003 | Lair:4   | Found a transporter.
 22004 | Lair:4   | Noticed WaxSun's ghost (journeyman DjCj)
 22206 | Lair:4   | Killed Kirke
 22877 | Lair:4   | Reached ****** piety under Cheibriados
 23050 | Lair:4   | You fall into a shaft and drop 2 floors!
 23050 | Lair:6   | Entered Level 6 of the Lair of Beasts
 23522 | Lair:6   | Reached skill level 11 in Transmutations
 24000 | Lair:6   | Identified the +4 quarterstaff of Watchfulness {freeze,
                  | rElec rPois Dex+2 Stlth+}
 24010 | Lair:6   | Reached XP level 14. HP: 103/103 MP: 17/17
 24033 | Lair:6   | Got the Guide on Mutagenic Summoning
 24036 | Lair:6   | Got Pasyp's Volume of Battle Magic
 24059 | Lair:6   | Identified the +1 plate armour of the Snake Pit {+Blink
                  | rPois rF+ Regen+}
 24117 | Lair:6   | Found a staircase to the Slime Pits.
 24118 | Lair:6   | Found a viscous altar of Jiyva.
 24453 | Lair:6   | HP: 6/123 [fire crab (16)]
 24453 | Lair:6   | Demolished by a fire crab

Illustrated notes

Levels and vault maps discovered:
D:1:      dpeg_arrival_rooms_with_view, layout_basic,
          hellmonk_ecumenical_altar_lost_god
D:2:      layout_loops_corners, basic_altar, kennysheep_generic_room_15
D:3:      layout_basic, nicolae_underground_beach, uniq_grinder, uniq_terence
D:4:      layout_rooms, minmay_temple_entry_statues_pillars, minivault_23
D:5:      nicolae_cairo_tiling, layout_loops_ring, gup_ossuary_entry_pyramid,
          uniq_duvessa
D:6:      layout_basic, cheibrodos_sewer_entry_bend, uniq_eustachio,
          uniq_menkaure
D:7:      layout_rooms, serial_shops, shop_fountains, shop, enter_bailey_3
D:8:      layout_loops_corners, chequers_temple_overflow_minitemple,
          erik_lair_island, st_stairs_5
D:9:      layout_basic, orc_0_dummy, ebering_ghost_disaster_area
Temple:   mainiacjoe_temple_bowtie_tessellation
Lair:1:   layout_chaotic_city
Lair:2:   layout_chaotic_city, dummy_spider_entry
Lair:3:   layout_cave_shapes, special_room [special_room_bee],
          infiniplex_staircase_pool
Lair:4:   layout_roguey, minmay_shoals_entry_hut, gammafunk_ghost_hive,
          lemuel_fruit_tree, uniq_kirke
Lair:6:   minmay_lair_end_frog_pond, layout_loops_ring, slime_altar_1,
          st_stairs_7, patterned_corridor, lemuel_fruit_fields

Skill      XL: |  1  2  3  4  5  6  7  8  9 10 11 12 13 14 |
---------------+-------------------------------------------+-----
Stealth        | 1 |  1.0
Fighting       | 2 3 6 8 10 12 | 12.3
Unarmed Combat | 4 6 9 11 15 | 15.0
Ice Magic      | 3 5 7 8 |  8.0
Transmutations | 3 6 8 11 12 | 12.4
Evocations     | 2 |  2.6
Dodging        | |  2.0
Spellcasting   | |  2.0

Action                   |  1- 3 |  4- 6 |  7- 9 | 10-12 | 13-15 || total
-------------------------+-------+-------+-------+-------+-------++-------
Melee: Unarmed           |    83 |   131 |   253 |   421 |   219 ||  1107
       Tentacles         |    14 |    42 |    15 |       |       ||    71
       Constrict         |    22 |    35 |    17 |       |       ||    74
       Kick              |    16 |    55 |    33 |       |       ||   104
       Punch             |     2 |     4 |     4 |       |       ||    10
 Cast: Beastly Appendage |    20 |    29 |    17 |       |       ||    66
       Spider Form       |       |       |     3 |       |       ||     3
       Ice Form          |       |       |    29 |    86 |    41 ||   156
       Wereblood         |       |       |       |    10 |     6 ||    16
Evoke: Wand              |       |     1 |    13 |    18 |    11 ||    43
  Use: Scroll            |       |     8 |    15 |     4 |     3 ||    30
       Potion            |       |       |     3 |     1 |     3 ||     7
 Stab: Sleeping          |     7 |     4 |     3 |     2 |       ||    16
       Paralysed         |       |       |     7 |       |       ||     7
       Distracted        |       |       |       |       |     1 ||     1
Armor: Skin              |     6 |     4 |    93 |   166 |    57 ||   326
Dodge: Dodged            |    46 |    54 |   153 |   193 |    90 ||   536
